 Dungeon Crawl Stone Soup version 0.20.1-1-g8b1a95d (webtiles) character file.

124934 Mesmaeker13 the Spry (level 16, -12/95 HPs)
             Began as a Deep Elf Conjurer on July 23, 2017.
             Was a High Priest of Vehumet.
             Killed from afar by Nikola (24 damage)
             ... with a chain lightning
             ... on level 4 of the Lair of Beasts on July 24, 2017.
             The game lasted 02:48:10 (39819 turns).

Mesmaeker13 the Spry (Deep Elf Conjurer)           Turns: 39819, Time: 02:48:10

Health: -12/95     AC: 15    Str:  9    XL:     16   Next: 40%
Magic:  57/57      EV: 22    Int: 27    God:    Vehumet [*****.]
Gold:   962        SH:  0    Dex: 13    Spells: 12/38 levels left

rFire    . . .     SeeInvis +   F - staff of power
rCold    + . .     Gourm    .   (no shield)
rNeg     + . .     Faith    .   x - +3 leather armour of Lunash {*Slow rPois rN+ SInv}
rPois    +         Spirit   .   h - +1 helmet {Int+3}
rElec    .         Reflect  .   Q - scarf {cloud immunity}
rCorr    +         Harm     .   o - +2 pair of gloves
MR       +....                  s - +0 pair of boots {Fly}
Stlth    +++.......             (no amulet)
Regen    0.3/turn               J - ring of magical power
MPRegen  0.4/turn               u - ring of resist corrosion

@: no status effects
A: icy blue scales 1, clumsy 1, cold resistance 1, robust 1
a: Renounce Religion, Evoke Flight


You were on level 4 of the Lair of Beasts.
You worshipped Vehumet.
Vehumet was extremely pleased with you.
You were not hungry.

You visited 5 branches of the dungeon, and saw 25 of its levels.
You also visited: Sewer and Ice Cave.

You collected 2527 gold pieces.
You spent 1565 gold pieces at shops.

Inventory:

Hand Weapons
 N - the +3 dagger of Neurosis {pierce, Int+5}
   (You found it on level 5 of the Lair of Beasts)

   It inflicts extra damage upon your enemies.
   It affects your intelligence (+5).
Missiles
 C - 4 throwing nets (quivered)
Armour
 e - a +0 shield
 h - a +1 helmet of intelligence (worn)
 o - a +2 pair of gloves (worn)
 s - a +0 pair of boots of flying (worn)
 x - the +3 leather armour of Lunash (worn) {*Slow rPois rN+ SInv}
   (You bought it in a shop on level 5 of the Dungeon)

   It protects you from poison.
   It protects you from negative energy.
   It lets you see invisible.
   It may slow you when you take damage.
 Q - a scarf of cloud immunity (worn)
Magical Staves
 F - an uncursed staff of power (weapon)
Jewellery
 u - a ring of resist corrosion (right hand)
 J - a ring of magical power (left hand)
 O - a +4 ring of protection
Wands
 y - a wand of acid (9/15)
Scrolls
 b - 2 scrolls of remove curse
 j - 2 scrolls of blinking
 m - a scroll of fog
 r - a scroll of magic mapping
 w - 5 scrolls of teleportation
 H - a scroll of summoning {unknown}
 R - a scroll of noise {unknown}
 T - a scroll of silence {unknown}
 U - a scroll of brand weapon {unknown}
Potions
 f - 3 potions of haste
 g - a potion of ambrosia
 i - a potion of berserk rage
 n - a potion of cancellation
 q - 5 potions of flight
 v - 3 potions of heal wounds
 z - 4 potions of might
 B - 4 potions of curing
 D - 3 potions of magic
 G - a potion of degeneration {unknown}
 I - 4 potions of brilliance
 P - 3 potions of lignification
 W - 3 potions of agility
Miscellaneous
 E - a phantom mirror
 S - a sack of spiders
Comestibles
 c - 8 bread rations
 k - a royal jelly
 A - a meat ration


   Skills:
 - Level 5.1 Fighting
 - Level 5.0 Armour
 - Level 17.0 Dodging
 - Level 8.0 Stealth
 + Level 4.1 Shields
 + Level 11.6 Spellcasting
 - Level 16.2 Conjurations
 - Level 10.1 Hexes
 + Level 1.7 Charms
 - Level 7.0 Translocations
 - Level 10.0 Fire Magic
 - Level 5.0 Air Magic
 + Level 5.9 Earth Magic
   Level 5.1 Poison Magic


You had 12 spell levels left.
You knew the following spells:

 Your Spells              Type           Power        Failure   Level  Hunger
a - Magic Dart            Conj           ####         0%          1    None
b - Iron Shot             Conj/Erth      ######....   2%          6    #####..
c - Fulminant Prism       Conj/Hex       ######....   1%          4    None
d - Deflect Missiles      Chrm/Air       ####......   88%         6    #####..
e - Force Lance           Conj/Tloc      ######..     1%          4    None
f - Fireball              Conj/Fire      ######....   1%          5    ###....


Dungeon Overview and Level Annotations

Branches:
Dungeon (15/15)            Temple (1/1) D:4            Lair (6/6) D:9
 Shoals (0/4) Lair:3       Spider (1/4) Lair:4        Slime (0/5) Lair:5
    Orc (2/2) D:12            Elf (0/3) Orc:2        Vaults (0/5) D:14
 Depths (0/5) D:15

Altars:
Ashenzari
Cheibriados
Dithmenos
Elyvilon
Fedhas
Gozag
Hepliaklqana
Kikubaaqudgha
Makhleb
Nemelex Xobeh
Okawaru
Qazlal
Ru
Sif Muna
Trog
Uskayaw
Vehumet
Xom
Yredelemnul
Zin
The Shining One
Beogh

Shops:
D:5 ?[([*:   D:8 *:%%*   D:11 :   D:13 (   Orc:2 ?%%::

Annotations:
Lair:4 Nikola
Lair:5 exclusion: oklob plant
Orc:2 adept's ghost, journeyman GrBe


Innate Abilities, Weirdness & Mutations

You are partially covered in icy blue scales. (AC +2)
You are clumsy. (Dex -2)
Your flesh is cold resistant. (rC+)
You are robust. (+10% HP)


Message History

* * * LOW HITPOINT WARNING * * *
The jumping spider bites you.
* * * LOW HITPOINT WARNING * * *
The redback bites you.
* * * LOW HITPOINT WARNING * * *
The wolf spider hisses angrily.
You climb upwards.
Welcome back to the Lair of Beasts!
There is a hole to the Spider Nest here.
You see here a redback corpse.
You feel much better. The redback barely misses you.
The wolf spider closely misses you. x2; The tarantella closely misses you.
The jumping spider pounces on you.
* * * LOW HITPOINT WARNING * * *
The jumping spider barely misses you. The redback bites you!
* * * LOW HITPOINT WARNING * * *
Nikola gestures wildly while chanting.
You hear a mighty clap of thunder!
The lightning arc hits the jumping spider.
The lightning arc hits you!
You die...

.....# #......#
.##..###......#
.#..........###
.#......#..## ###
......##..#####.###
###..##...........#
##...##.......≈≈+##
###..##......≈≈s@s#
# #..##.....#≈≈s@##
###..##..#...≈≈s.s#
.#...###.....≈≈≈'##
.#...##...........#
.##..###..###...###
........#....####
.........#....#
..............#
.#........#...##


You could see Nikola, a wolf spider, a jumping spider, a tarantella and 2
redbacks.

Vanquished Creatures
  Gastronok (Lair:1)
  A reaper (IceCv)
  An entropy weaver (Spider:1)
  A juggernaut skeleton (D:15)
  An ettin (Orc:1)
  Erolcha (D:10)
  2 ice dragons
  Harold (Orc:1)
  A vault guard (D:14)
  9 hydras
  A catoblepas (Lair:6)
  4 centaur warriors
  17 two-headed ogres
  5 ogre magi
  A death yak (Lair:4)
  An alligator (Lair:6)
  A tengu warrior (D:13)
  A vampire mage (D:15)
  A titan zombie (D:15)
  A deep elf knight (D:14)
  Nergalle (D:10)
  5 skeletal warriors
  A fire crab (Lair:6)
  The ghost of SmokeFace the Spear-Bearer, a novice MfIE of Okawaru (D:6)
  2 unseen horrors
  An orb spider (Lair:4)
  3 lindwurms
  A necromancer (D:15)
  5 orc knights
  3 deep elf magi
  A frost giant zombie (D:15)
  8 ugly things
  2 orc sorcerers
  4 cyclopes
  A wolf spider (D:14)
  4 manticores
  2 ice statues (IceCv)
  Maurice (D:12)
  6 black mambas
  A merfolk siren (Lair:3)
  14 elephants
  5 torpor snails (Lair:6)
  A black mamba (shapeshifter) (D:14)
  A centaur zombie (D:14)
  3 gargoyles
  14 spiny frogs
  A yaktaur (D:13)
  4 centaur skeletons
  4 rime drakes
  12 komodo dragons
  10 ice devils
  A redback zombie (D:13)
  9 polar bears (Lair:6)
  3 meliai (Lair:4)
  A queen bee (Lair:4)
  8 trolls
  3 tyrant leeches (Lair:6)
  3 slime creatures (D:14)
  A raiju (Lair:6)
  14 blink frogs
  9 hornets
  10 hippogriffs
  5 dream sheep (Lair:6)
  A tarantella (Lair:4)
  4 redbacks
  4 shadows
  3 wraiths
  46 yaks
  8 basilisks
  9 wyverns
  2 hungry ghosts
  8 vampire mosquitoes
  A steam dragon (D:11)
  A basilisk (shapeshifter) (D:14)
  2 acid dragons
  A human zombie (D:15)
  12 wargs
  Duvessa (D:4)
  14 hell hounds (Lair:6)
  21 water moccasins
  23 orc warriors
  7 porcupines
  19 black bears
  3 ice beasts
  3 sky beasts
  4 necrophages
  A phantom (D:7)
  An eye of draining (D:15)
  5 boggarts (D:14)
  20 wolves
  28 ogres
  6 centaurs
  18 crocodiles
  The ghost of Lorindel the Conjurer, an amateur DECj (Sewer)
  5 big kobolds
  15 bullfrogs
  2 gnoll sergeants
  A wyvern zombie (D:13)
  Dowan (D:4)
  3 scorpions
  30 killer bees
  11 wights
  A howler monkey (D:11)
  2 electric eels (Lair:5)
  9 jellies
  A bullfrog zombie (D:11)
  6 crimson imps
  23 orc priests
  10 hounds
  A bullfrog skeleton (D:9)
  4 iguanas
  33 orc wizards
  5 worker ants
  A hell rat (Lair:4)
  A statue (D:9)
  A killer bee zombie (D:5)
  2 hound zombies
  A hound skeleton (D:7)
  2 worker ant zombies
  12 gnolls
  3 river rats
  12 adders
  2 shadow imps
  5 white imps (IceCv)
  7 ufetubi (IceCv)
  3 oozes
  An adder zombie (D:9)
  2 adder skeletons
  3 worms
  A dart slug (D:1)
  8 leopard geckos
  137 orcs
  3 ball pythons
  10 giant cockroaches
  11 hobgoblins
  8 jackals
  20 kobolds
  7 quokkas
  9 bats
  6 frilled lizards
  9 goblins
  A quokka skeleton (D:5)
  2 quokka zombies
  16 rats
  7 fungi
  6 plants (Lair:6)
  2 withered plants (D:15)
1002 creatures vanquished.

Vanquished Creatures (others)
  A yak (Lair:6)
  A porcupine (Lair:5)
  5 white imps (IceCv)
  3 ufetubi (IceCv)
  292 fulminant prisms
  20 fungi
  38 plants
  2 withered plants (D:15)
362 creatures vanquished.

Grand Total: 1364 creatures vanquished

Notes
Turn   | Place    | Note
-------+----------+-------------------------------------------
     0 | D:1      | Mesmaeker13 the Deep Elf Conjurer began the quest for the Orb.
     0 | D:1      | Reached XP level 1. HP: 10/10 MP: 6/6
   408 | D:1      | Reached XP level 2. HP: 15/15 MP: 6/8
   921 | D:2      | Learned a level 2 spell: Searing Ray
   923 | D:2      | Reached XP level 3. HP: 16/19 MP: 8/10
  1300 | D:2      | Reached skill level 3 in Dodging
  1451 | D:2      | Reached skill level 5 in Conjurations
  1599 | D:3      | Found a glowing golden altar of the Shining One.
  1629 | D:3      | Reached XP level 4. HP: 24/24 MP: 8/12
  1635 | D:3      | Learned a level 4 spell: Fulminant Prism
  1714 | D:3      | Found a glowing silver altar of Zin.
  1714 | D:3      | Found a hide-covered altar of Uskayaw.
  1799 | D:3      | Found a stormy altar of Qazlal.
  2081 | D:3      | Reached skill level 5 in Spellcasting
  2902 | D:3      | Reached XP level 5. HP: 28/28 MP: 11/14
  3461 | D:3      | Reached skill level 4 in Dodging
  3461 | D:3      | Reached skill level 1 in Hexes
  4198 | D:4      | Reached XP level 6. HP: 32/32 MP: 0/15
  4198 | D:4      | Reached skill level 5 in Dodging
  4522 | D:4      | Found a staircase to the Ecumenical Temple.
  4546 | Temple   | Entered the Ecumenical Temple
  4877 | D:4      | Noticed Duvessa
  4897 | D:4      | Noticed Dowan
  4904 | D:4      | Killed Duvessa
  4904 | D:4      | Reached XP level 7. HP: 29/36 MP: 4/16
  5130 | D:4      | Killed Dowan
  5457 | D:4      | Reached skill level 6 in Dodging
  5938 | D:5      | Entered Level 5 of the Dungeon
  5962 | D:5      | Found Pyos's Armour Shop.
  5983 | D:5      | Found Wonubic's Antique Weapon Shoppe.
  6042 | D:5      | Found a bloodstained altar of Trog.
  6090 | D:5      | Found Leaqips's Antique Armour Shop.
  6173 | D:5      | Bought a glowing hat for 161 gold pieces
  6389 | D:5      | Reached skill level 5 in Hexes
  6389 | D:5      | Reached XP level 8. HP: 28/41 MP: 17/17
  6403 | D:5      | Reached skill level 7 in Dodging
  6529 | D:5      | Found Dimpoll's Book Shoppe.
  6623 | D:5      | Found Hygethri's Elemental Accessories.
  6728 | D:5      | Found Norghed's Magic Scroll Shop.
  6917 | D:6      | Found a sparkling altar of Nemelex Xobeh.
  6987 | D:6      | Found a glowing drain.
  6991 | Sewer    | Entered a sewer
  7081 | Sewer    | Noticed Lorindel's ghost (amateur DECj)
  7098 | Sewer    | Gained mutation: You are partially covered in icy blue scales. (AC +2) [potion of mutation]
  7098 | Sewer    | Gained mutation: You are clumsy. (Dex -2) [potion of mutation]
  7098 | Sewer    | Gained mutation: Your flesh is cold resistant. (rC+) [potion of mutation]
  7098 | Sewer    | Gained mutation: You are robust. (+10% HP) [potion of mutation]
  7112 | Sewer    | Killed Lorindel's ghost
  7290 | Sewer    | Found a white marble altar of Elyvilon.
  7389 | D:6      | Learned a level 3 spell: Mephitic Cloud
  7456 | D:6      | Noticed SmokeFace's ghost (novice MfIE)
  7534 | D:5      | Reached skill level 1 in Poison Magic
  7679 | D:6      | Killed SmokeFace's ghost
  7679 | D:6      | Reached skill level 8 in Dodging
  7679 | D:6      | Reached XP level 9. HP: 38/49 MP: 7/18
  8066 | D:6      | Reached skill level 1 in Air Magic
  8654 | D:7      | Found a deep blue altar of Sif Muna.
  8820 | D:7      | Reached skill level 9 in Dodging
  8959 | D:7      | Found a deep blue altar of Sif Muna.
  9304 | D:7      | Found a shattered altar of Ashenzari.
  9304 | D:7      | Found a hazy altar of Hepliaklqana.
  9305 | D:7      | Found a sacrificial altar of Ru.
 10149 | D:8      | Found a basalt altar of Yredelemnul.
 10372 | D:8      | Found Inudd's Assorted Antiques.
 10453 | D:8      | Found Ilyeteam's Book Emporium.
 10475 | D:8      | Reached XP level 10. HP: 55/55 MP: 19/19
 10568 | D:8      | Found Taonaaph's Food Shoppe.
 10575 | D:8      | Found Ytydan's Food Shop.
 10579 | D:8      | Found Qeruaraw's Assorted Antiques.
 10703 | D:8      | Learned a level 4 spell: Force Lance
 10982 | D:9      | Reached skill level 10 in Conjurations
 11187 | D:9      | Reached skill level 10 in Dodging
 11254 | D:9      | Noticed a two-headed ogre
 11265 | D:9      | Killed a two-headed ogre
 11265 | D:9      | Reached skill level 10 in Hexes
 11433 | D:9      | Reached skill level 1 in Translocations
 11603 | D:9      | Found a staircase to the Lair.
 11732 | D:9      | Found a transporter.
 11912 | D:9      | Found a radiant altar of Vehumet.
 12109 | D:9      | Became a worshipper of Vehumet
 12563 | Lair:1   | Entered Level 1 of the Lair of Beasts
 12563 | Lair:1   | Noticed Gastronok
 12567 | Lair:1   | Noticed a black mamba
 12581 | D:9      | Killed a black mamba
 12752 | D:9      | Reached XP level 11. HP: 50/59 MP: 14/22
 12797 | D:10     | Entered Level 10 of the Dungeon
 13112 | D:10     | Noticed Erolcha
 13193 | D:10     | Noticed Nergalle
 13202 | D:10     | Killed Nergalle
 13202 | D:10     | Reached skill level 11 in Dodging
 13393 | D:10     | Identified a scroll of acquirement
 13467 | D:10     | Killed an unseen horror
 13649 | D:10     | Reached * piety under Vehumet
 13649 | D:10     | Offered knowledge of Freeze by Vehumet.
 13747 | D:10     | Reached skill level 5 in Translocations
 13808 | D:10     | Killed Erolcha
 14200 | D:5      | Bought a scroll of remove curse for 45 gold pieces
 14755 | D:11     | Found a stormy altar of Qazlal.
 14999 | D:11     | Found Damostr Mafa's Book Boutique.
 15379 | D:11     | Reached ** piety under Vehumet
 15401 | D:11     | Offered knowledge of Sting by Vehumet.
 15437 | D:11     | Reached skill level 5 in Air Magic
 15888 | D:5      | Bought the +3 leather armour of Lunash {*Slow rPois rN+ SInv} for 372 gold pieces
 16288 | Lair:1   | Killed Gastronok
 16288 | Lair:1   | Reached skill level 12 in Dodging
 16288 | Lair:1   | Reached XP level 12. HP: 64/64 MP: 15/27
 16568 | Lair:1   | Reached skill level 5 in Poison Magic
 16999 | Lair:2   | Reached skill level 1 in Armour
 17809 | Lair:2   | Offered knowledge of Stone Arrow by Vehumet.
 18284 | Lair:3   | Found a staircase to the Shoals.
 19408 | Lair:4   | Reached skill level 10 in Spellcasting
 19440 | Lair:4   | Found a frozen archway.
 19470 | IceCv    | Entered an ice cave
 19493 | IceCv    | Reached *** piety under Vehumet
 19614 | IceCv    | Reached skill level 13 in Dodging
 20527 | IceCv    | Offered knowledge of Throw Icicle by Vehumet.
 20704 | IceCv    | Noticed a reaper
 20714 | IceCv    | Killed a reaper
 20855 | Lair:4   | Found a hole to the Spider Nest.
 20870 | Lair:4   | Noticed a four-headed hydra
 21028 | Lair:4   | Reached XP level 13. HP: 69/69 MP: 29/29
 21419 | Lair:3   | Reached skill level 5 in Stealth
 21610 | Lair:4   | Reached **** piety under Vehumet
 22115 | Lair:4   | Offered knowledge of Lee's Rapid Deconstruction by Vehumet.
 23057 | Lair:4   | Reached skill level 5 in Armour
 23255 | Lair:4   | Reached skill level 14 in Dodging
 23662 | Lair:4   | Reached ***** piety under Vehumet
 23798 | Lair:4   | Offered knowledge of Fireball by Vehumet.
 23805 | Lair:4   | Learned a level 5 spell: Fireball
 24125 | Lair:4   | Reached skill level 1 in Fire Magic
 24138 | Lair:4   | Reached skill level 1 in Fighting
 25149 | Lair:5   | Got a shimmering dagger
 25437 | Lair:5   | Reached XP level 14. HP: 79/79 MP: 30/30
 26275 | Lair:5   | Found a staircase to the Slime Pits.
 26491 | Lair:6   | Entered Level 6 of the Lair of Beasts
 26931 | Lair:6   | Offered knowledge of Poison Arrow by Vehumet.
 27453 | Lair:5   | Reached skill level 15 in Dodging
 27486 | Lair:5   | Identified the +3 dagger of Neurosis {pierce, Int+5} (You found it on level 5 of the Lair of Beasts)
 28127 | Lair:6   | Reached skill level 5 in Fire Magic
 28861 | Lair:6   | Reached skill level 15 in Conjurations
 29154 | Lair:6   | Got a pair of encrusted boots
 29161 | Lair:6   | Identified the +1 pair of boots "Plog" {*Slow rCorr Slay-6 SInv} (You found it on level 6 of the Lair of Beasts)
 29467 | Lair:6   | Found a runed door.
 29507 | Lair:6   | Offered knowledge of Yara's Violent Unravelling by Vehumet.
 29543 | Lair:6   | Reached skill level 5 in Fighting
 30613 | D:12     | Reached XP level 15. HP: 90/90 MP: 31/31
 31546 | D:12     | Found a roughly hewn altar of Beogh.
 31546 | D:12     | Found a staircase to the Orcish Mines.
 31838 | Orc:1    | Entered Level 1 of the Orcish Mines
 31838 | Orc:1    | Noticed Maurice
 31842 | Orc:1    | Reached skill level 16 in Dodging
 32024 | D:12     | Killed Maurice
 32679 | Orc:1    | Noticed Harold
 32681 | Orc:1    | Killed Harold
 33000 | Orc:2    | Entered Level 2 of the Orcish Mines
 33009 | Orc:2    | Offered knowledge of Iron Shot by Vehumet.
 33320 | Orc:2    | Found Jer Lap's Magic Scroll Boutique.
 33329 | Orc:2    | Bought a scroll of identify for 24 gold pieces
 33425 | Orc:2    | Found a staircase to the Elven Halls.
 33455 | Orc:2    | Paralysed by an orc sorcerer for 5 turns
 34143 | Orc:2    | Found Ejaisu Wesi's Food Shop.
 34143 | Orc:2    | Found Buniug's Book Shoppe.
 34144 | Orc:2    | Found Zim Fomnif's Food Emporium.
 34144 | Orc:2    | Found Fiotsos's Book Shop.
 34159 | Orc:2    | Noticed adept's ghost (journeyman GrBe)
 34343 | Orc:2    | Learned a level 6 spell: Iron Shot
 35045 | D:13     | Found Doycsif's Weapon Shoppe.
 35142 | D:13     | Reached skill level 1 in Earth Magic
 35723 | D:13     | Reached skill level 1 in Shields
 35746 | D:13     | Reached skill level 17 in Dodging
 35746 | D:13     | Reached skill level 10 in Fire Magic
 36026 | D:9      | Found a roughly hewn altar of Beogh.
 36057 | D:9      | Offered knowledge of Bolt of Cold by Vehumet.
 36066 | D:9      | Found a transporter.
 36201 | D:8      | Bought a pair of runed boots for 165 gold pieces
 36351 | D:5      | Bought a +1 helmet of intelligence for 198 gold pieces
 36779 | D:14     | Reached ****** piety under Vehumet
 36791 | D:14     | Reached XP level 16. HP: 95/95 MP: 32/32
 37365 | D:14     | Found a gate to the Vaults.
 37958 | D:15     | Entered Level 15 of the Dungeon
 38333 | D:15     | Reached skill level 5 in Earth Magic
 38480 | D:15     | Found a staircase to the Depths.
 39482 | D:8      | Bought a book of Enchantments for 600 gold pieces
 39556 | Lair:1   | Learned a level 6 spell: Deflect Missiles
 39643 | Spider:1 | Entered Level 1 of the Spider Nest
 39646 | Spider:1 | Reached skill level 1 in Charms
 39814 | Spider:1 | Noticed Nikola
 39817 | Spider:1 | HP: 3/95 [redback (6)]
 39819 | Lair:4   | Killed from afar by Nikola

Skill      XL: |  1  2  3  4  5  6  7  8  9 10 11 12 13 14 15 16 |
---------------+-------------------------------------------------+-----
Spellcasting   | 4 5 6 9 10 11 | 11.6
Dodging        | 3 4 5 6 8 9 10 12 13 14 15 17 | 17.0
Conjurations   | 5 6 7 8 9 10 11 13 14 15 16 | 16.2
Hexes          | 2 3 5 7 9 10 | 10.1
Poison Magic   | 2 3 4 5 |  5.1
Air Magic      | 3 4 5 |  5.0
Translocations | 3 6 7 |  7.0
Armour         | 4 5 |  5.0
Stealth        | 4 8 |  8.0
Fire Magic     | 2 7 10 | 10.0
Fighting       | 2 5 |  5.1
Earth Magic    | 3 5 |  5.9
Shields        | 2 4 |  4.1
Charms         | 1 |  1.7

Action                   |  1- 3 |  4- 6 |  7- 9 | 10-12 | 13-15 | 16-18 || total
-------------------------+-------+-------+-------+-------+-------+-------++-------
Melee: Dagger            |     9 |       |       |       |       |       ||     9
       Hand axe          |       |    35 |     5 |     2 |       |       ||    42
       Staff             |       |       |     6 |    31 |   141 |     4 ||   182
       Demon blade       |       |       |       |       |    27 |       ||    27
Throw: Tomahawk          |       |       |     1 |       |       |       ||     1
       Throwing net      |       |       |       |     1 |     3 |       ||     4
 Cast: Magic Dart        |    78 |    82 |   133 |   188 |   154 |       ||   635
       Searing Ray       |     1 |    12 |    62 |   157 |    92 |       ||   324
       Fulminant Prism   |       |     2 |    26 |    82 |   167 |    15 ||   292
       Mephitic Cloud    |       |       |     3 |    13 |     3 |       ||    19
       Force Lance       |       |       |       |    60 |   434 |    71 ||   565
       Fireball          |       |       |       |       |   114 |    32 ||   146
       Iron Shot         |       |       |       |       |     6 |    28 ||    34
 Abil: Stop Flying       |       |       |       |       |     1 |       ||     1
Evoke: Wand              |       |       |     2 |       |       |       ||     2
       Sack of spiders   |       |       |       |       |     1 |       ||     1
  Use: Scroll            |     2 |     3 |     4 |    11 |    14 |     2 ||    36
       Potion            |       |       |     5 |     5 |     4 |     3 ||    17
  Eat: Chunk             |     2 |     5 |    17 |    21 |    51 |    10 ||   106
       Meat ration       |       |     1 |       |       |     1 |       ||     2
       Bread ration      |       |       |     1 |     5 |     3 |     2 ||    11
       Fruit             |       |       |       |       |    15 |     3 ||    18
       Royal jelly       |       |       |       |       |       |     1 ||     1
Armor: Robe              |     5 |    10 |    29 |    13 |       |       ||    57
       Acid dragon scale |       |       |       |    29 |       |       ||    29
       Leather armour    |       |       |       |    42 |   162 |    23 ||   227
       Skin              |       |       |       |       |       |     8 ||     8
Dodge: Dodged            |    13 |    55 |    71 |   236 |   691 |    73 ||  1139
       Rpst.: Demon blade |       |       |       |       |    10 |       ||    10
